 Dungeon Crawl Stone Soup version 0.29.0-4-gdea44cf6ec (webtiles) character file.

Game seed: 13772862034692112615

161170 qw the Peltast (level 17, 0/162 HPs)
             Began as a Minotaur Berserker on Sept 10, 2022.
             Was an Elder of Trog.
             Slain by a tarantella (10 damage)
             ... on level 2 of the Spider Nest.
             The game lasted 00:11:34 (34805 turns).

qw the Peltast (Minotaur Berserker)                Turns: 34805, Time: 00:11:35

Health: 0/162      AC: 33    Str: 27    XL:     17   Next: 19%
Magic:  16/16      EV: 12    Int: 10    God:    Trog [****..]
Gold:   1533       SH: 28    Dex: 17    Spells: 16/16 levels left

rFire   + + .      SeeInvis +   s - +8 broad axe
rCold   x . .      Faith    .   f - +1 tower shield of the Bells {Rampage Int+6 Dex+4 Stlth+}
rNeg    + + .      Spirit   .   v - +5 plate armour {rF+}
rPois   .          Reflect  +   w - +2 hat "Sikaaxo" {rF+ rC- rN++ Regen+}
rElec   .          Harm     .   q - +0 cloak
rCorr   .          Rampage  +   e - +3 pair of gauntlets of War {Slay+5}
Will    +++..                   d - +1 pair of boots
Stlth   ..........              l - amulet of reflection
HPRegen 2.17/turn               o - ring of see invisible
MPRegen 0.15/turn               k - +4 ring of slaying {mikee}

@: lethally poisoned (0 -> -6), strong-willed, on berserk cooldown,
regenerating, slowed, very slow
A: horns 2, retaliatory headbutt
a: Renounce Religion, Berserk, Trog's Hand, Brothers in Arms


You were on level 2 of the Spider Nest.
You worshipped Trog.
Trog was greatly pleased with you.
You visited 5 branches of the dungeon, and saw 27 of its levels.
You also visited: Sewer.

You collected 2646 gold pieces.
You spent 1113 gold pieces at shops.


Innate Abilities, Weirdness & Mutations

You have a pair of horns on your head.
You reflexively headbutt those who attack you in melee.


   Skills:
 + Level 17.5 Fighting
 - Level 18.0 Axes
 - Level 8.0 Throwing
 - Level 16.0 Armour
 - Level 10.0 Dodging
 - Level 19.5 Shields


You had 16 spell levels left.
You didn't know any spells.
Your spell library was empty.

Inventory:

Hand Weapons
 n - a +1 broad axe of flaming
 s - a +8 broad axe (weapon)
Missiles
 c - 15 boomerangs (quivered)
Armour
 d - a +1 pair of boots (worn)
 e - the +3 pair of gauntlets of War (worn) {Slay+5}
   (You acquired it on level 8 of the Dungeon)

   Slay:      It affects your accuracy & damage with ranged weapons and melee
   (+5).
 f - the +1 tower shield of the Bells (worn) {Rampage Int+6 Dex+4 Stlth+}
   (You acquired it on level 9 of the Dungeon)

   Int:       It affects your intelligence (+6).
   Dex:       It affects your dexterity (+4).
   Rampage:   It bestows one free step when moving towards enemies.
   Stlth:     It makes you more stealthy.
 q - a +0 cloak (worn)
 v - a +5 plate armour of fire resistance (worn)
 w - the +2 hat "Sikaaxo" (worn) {rF+ rC- rN++ Regen+}
   (You acquired it on level 1 of the Swamp)

   rF:        It protects you from fire.
   rC:        It makes you vulnerable to cold.
   rN:        It greatly protects you from negative energy.
   Regen:     It increases your rate of health regeneration.
Jewellery
 k - a +4 ring of slaying (right hand) {mikee}
 l - an amulet of reflection (around neck)
 m - a +4 ring of evasion
 o - a ring of see invisible (left hand)
 u - a ring of protection from fire
 Y - a ring of protection from fire
Scrolls
 a - 7 scrolls of identify
 h - 11 scrolls of teleportation
Potions
 b - 6 potions of haste
 g - 3 potions of heal wounds
 i - 7 potions of curing
 j - 6 potions of might
 r - a potion of mutation
 t - a potion of resistance
 x - 2 potions of cancellation

Dungeon Overview and Level Annotations

Branches:
Dungeon (15/15)            Temple (0/1) D:6            Lair (5/5) D:11
  Swamp (3/4) Lair:3       Spider (2/4) Lair:2        Slime (0/5) Lair:4
    Orc (2/2) D:10            Elf (0/3) Orc:2        Vaults (0/5) D:14
 Depths (0/4) D:15          Sewer (visited)

Altars:
Qazlal
Wu Jian
Xom
The Shining One
Jiyva

Shops:
D:7 ?   D:8 (   D:9 (   Orc:2 [??:

Portals:
Trove: D:11 (give +3 gold dragon scales)

Annotations:
D:15 1 runed translucent door, Bananafolds's ghost, adept NaVM
Spider:2 Aizul


Message History

You feel extremely sick.
Your ogre pulls away from the web.
Aizul casts a spell at you.
The poison arrow reflects off an invisible shield around you!
The poison arrow misses Aizul.
The poison arrow hits the radroach!
The radroach looks as sick as possible!
You completely miss Aizul. You headbutt Aizul!
Aizul is moderately wounded.
You feel extremely sick.
Your ogre barely misses Aizul.
Aizul winks several times.
You block Aizul's attack.
A steelbarb worm comes into view.
Aizul hits you!
Your ogre closely misses Aizul.
34804 ||| READING 12 scrolls of teleportation.
As you read the scroll of teleportation, it crumbles to dust.
You feel strangely unstable.
You feel very sick. Aizul casts a spell at you. The bolt of poison hits you!!
You are more poisoned.
Your ogre closely misses Aizul.
You block Aizul's attack.
The jumping spider leaps!
You block the radroach's attack. x2
34805 ||| DRINKING 4 potions of heal wounds.
You feel much better.
Your surroundings suddenly seem different. 6 spiders, 2 demonic crawlers and 2 spark wasps come into view.
Found five items.
You feel extremely sick.
The wolf spider's many legs skitter.
The demonic crawler gives a hideous shriek! x2
The spark wasp buzzes angrily.
The tarantella's many legs skitter faintly.
You hear a faint skittering sound.
The demonic crawler shrieks in warning!
A demonic crawler comes into view.
You block the tarantella's attack. The spark wasp stings you.
The spark wasp shocks you!
You block the demonic crawler's attack. x2
The demonic crawler misses you. The tarantella touches you!
You die...

#....####
......^###
........ ##
#..#.s. ^/#
#..^.# .. )
#.ss##.#s..
#s.#^(.#..
#.@y#
#$s.y##...
##$s#...#.
##:s.....
###....
###.


You could see 2 spark wasps, 2 demonic crawlers, a wolf spider, 2 orb spiders, 2
tarantellas and a redback.

Vanquished Creatures
  Rupert (Spider:1)
  A thorn hunter (Swamp:1)
  Donald (Spider:1)
  Roxanne (Swamp:2)
  An emperor scorpion (Spider:1)
  A broodmother (Spider:1)
  3 eleionomae (Swamp:2)
  An entropy weaver (Spider:1)
  A bunyip (Swamp:3)
  A spark wasp (Spider:1)
  3 dire elephants (Lair:5)
  Fannar (D:11)
  A boulder beetle (Spider:1)
  Harold (D:11)
  3 centaur warriors
  7 hydras
  A rakshasa (D:15)
  A radroach (Spider:2)
  Erica (D:10)
  A catoblepas (Lair:4)
  4 two-headed ogres
  5 alligators
  7 death yaks
  8 tengu warriors
  Urug (D:12)
  A vampire mage (D:15)
  2 orc high priests
  6 spriggans
  A fire crab (Lair:5)
  2 goliath frogs
  9 skeletal warriors
  2 spectral death yaks (Lair:5)
  A steelbarb worm (Spider:1)
  A spark wasp zombie (D:15)
  4 pharaoh ants
  A spectral anaconda (Lair:5)
  5 spriggan druids
  3 orb spiders
  Pikel (D:7)
  8 bog bodies
  5 deep elf pyromancers
  A wolf spider zombie (D:10)
  7 cyclopes
  5 orc sorcerers
  19 ugly things
  5 necromancers
  8 orc knights
  6 wolf spiders
  2 frost giant zombies (D:15)
  A will-o-the-wisp (Swamp:3)
  22 elephants (Lair:5)
  3 black mambas
  A moth of wrath (Spider:2)
  2 dire elephant zombies (Lair:5)
  2 torpor snails
  11 cane toads
  2 centaur zombies (D:10)
  A gargoyle (D:12)
  Maggie (D:10)
  A dire elephant skeleton (Lair:5)
  3 rime drakes
  11 komodo dragons
  A demonic crawler (Spider:1)
  An unseen horror (D:12)
  A spriggan zombie (D:15)
  A yaktaur (D:14)
  3 efreet
  A tengu conjurer (D:13)
  3 hellwings (D:10)
  11 trolls
  2 polar bears (Lair:5)
  A bloated husk (Swamp:3)
  11 tyrant leeches
  A spectral elephant (Lair:5)
  11 tarantellas
  5 blink frogs (Lair:3)
  A blink frog (shapeshifter) (D:15)
  5 hornets
  12 saltlings
  16 dream sheep
  7 slime creatures
  2 shadows (D:11)
  A meliai zombie (D:10)
  22 jumping spiders
  A vampire (D:11)
  61 yaks
  3 wraiths
  3 centaur simulacra
  10 culicivoras
  5 wyverns
  4 basilisks
  A death yak simulacrum (Lair:5)
  6 vampire mosquitoes
  A spectral cane toad (Lair:5)
  2 steam dragons
  17 redbacks
  A warg (Orc:1)
  16 swamp worms
  2 acid dragons
  Duvessa (D:4)
  13 water moccasins
  15 orc warriors
  2 ice beasts (D:7)
  Pargi (Sewer)
  2 swamp drakes (Swamp:2)
  An elephant zombie (Lair:5)
  2 black bears
  A sky beast (D:8)
  14 ogres
  10 wolves
  5 centaurs
  A phantom (D:5)
  3 kobold brigands
  2 necrophages
  5 bullfrogs
  4 gnoll sergeants
  A scorpion (D:6)
  4 wights (D:7)
  A cane toad simulacrum (Lair:5)
  Dowan (D:4)
  2 elephant simulacra (Lair:5)
  A killer bee (D:5)
  5 electric eels
  7 howler monkeys
  10 hounds
  5 jellies
  4 gnoll boudas (D:6)
  21 orc priests
  Jessica (D:3)
  A boggart zombie (D:10)
  Ijyb (D:5)
  18 orc wizards
  Natasha (thrice) (D:3)
  13 iguanas
  Robin (D:2)
  25 gnolls
  7 adders
  2 shadow imps (D:5)
  A white imp (D:6)
  An ufetubus (D:5)
  2 worms (D:3)
  2 dart slugs
  70 orcs
  8 endoplasms
  4 giant cockroaches
  18 goblins
  7 hobgoblins
  7 jackals
  11 kobolds
  5 quokkas
  9 ball pythons
  4 bats (D:1)
  23 frilled lizards
  5 rats
  3 pillars of salt (Orc:2)
871 creatures vanquished.

Vanquished Creatures (collateral kills)
  An eleionoma (Swamp:1)
  2 hydras
  2 boulder beetles
  3 death yaks (Lair:3)
  A skeletal warrior (D:14)
  2 orb spiders
  An obsidian statue (Lair:5)
  A wolf spider (Spider:2)
  A culicivora (Spider:1)
  4 yaks (Lair:4)
  An orc warrior (D:10)
  A bullfrog (Lair:3)
  An iguana (Lair:1)
  2 gnolls (D:10)
  An orc (D:10)
24 creatures vanquished.

Vanquished Creatures (others)
  A vault guard (D:14)
  A spriggan druid (Swamp:3)
  2 bloated husks
  2 foxfires (Swamp:3)
  19 fungi
  26 plants
  7 toadstools (Swamp:1)
  25 withered plants
83 creatures vanquished.

Grand Total: 978 creatures vanquished

Notes
Turn   | Place    | Note
-------+----------+-------------------------------------------
     0 | D:1      | qw the Minotaur Berserker began the quest for the Orb.
     0 | D:1      | Reached XP level 1. HP: 19/19 MP: 0/0
     0 | D:1      | 0 ||| qw: Version: 0.1-a-116-g5d60599
     0 | D:1      | 0 ||| qw: Game counter: 7569
     0 | D:1      | 0 ||| qw: Always use a shield: true
     0 | D:1      | 0 ||| qw: Do Orc after D:15 true
     0 | D:1      | 0 ||| qw: Do second Lair branch before Depths: true
     0 | D:1      | 0 ||| qw: Lair rune preference: random
     0 | D:1      | 0 ||| qw: Plans: Normal
     0 | D:1      | 0 ||| PLANNING D:1-11
   223 | D:1      | Reached XP level 2. HP: 25/26 MP: 1/1
   248 | D:1      | 248 ||| INVOKING Berserk.
   398 | D:1      | Reached XP level 3. HP: 31/31 MP: 2/2
   414 | D:1      | 414 ||| Stepping ~*~*~tactically~*~*~ (stealth).
   705 | D:1      | 705 ||| Stepping ~*~*~tactically~*~*~ (stealth).
   714 | D:1      | Reached skill level 1 in Throwing
  1055 | D:1      | 1055 ||| UPGRADING to +0 leather armour.
  1065 | D:1      | 1065 ||| DROPPING +0 animal skin.
  1066 | D:1      | 1066 ||| UPGRADING to +0 ring mail.
  1076 | D:1      | 1076 ||| DROPPING +0 leather armour.
  1077 | D:1      | 1077 ||| READING 3 scrolls labelled WOZEUN PANUBB.
  1078 | D:1      | 1078 ||| READING scroll labelled GUCUNO XAGU.
  1079 | D:1      | 1079 ||| READING scroll labelled BYFIDE IGGE ZUOK.
  1080 | D:1      | 1080 ||| READING scroll labelled ITTEEG ODWIA.
  1081 | D:1      | 1081 ||| DRINKING 2 purple potions.
  1082 | D:1      | 1082 ||| READING 2 scrolls of identify.
  1082 | D:1      | 1082 ||| IDENTIFYING red potion
  1108 | D:2      | 1108 ||| Stepping ~*~*~tactically~*~*~ (stealth).
  1108 | D:2      | Noticed Robin
  1109 | D:2      | 1109 ||| Stepping ~*~*~tactically~*~*~ (stealth).
  1111 | D:2      | 1111 ||| Stepping ~*~*~tactically~*~*~ (hiding).
  1118 | D:2      | 1118 ||| INVOKING Berserk.
  1122 | D:2      | Reached ** piety under Trog
  1125 | D:2      | Killed Robin
  1126 | D:2      | Reached XP level 4. HP: 28/39 MP: 3/3
  1300 | D:2      | Noticed a floating eye
  1303 | D:2      | Found a faded altar of an unknown god.
  1308 | D:2      | Noticed an eye of devastation
  1315 | D:2      | 1315 ||| Stepping ~*~*~tactically~*~*~ (stealth).
  1322 | D:2      | 1322 ||| Stepping ~*~*~tactically~*~*~ (stealth).
  1327 | D:2      | 1327 ||| Stepping ~*~*~tactically~*~*~ (stealth).
  1348 | D:2      | 1348 ||| Stepping ~*~*~tactically~*~*~ (hiding).
  1585 | D:2      | 1585 ||| Stepping ~*~*~tactically~*~*~ (stealth).
  1589 | D:2      | 1589 ||| Stepping ~*~*~tactically~*~*~ (hiding).
  1590 | D:2      | 1590 ||| INVOKING Berserk.
  1592 | D:2      | Reached skill level 6 in Axes
  1900 | D:2      | Noticed an eye of devastation
  2046 | D:2      | Reached XP level 5. HP: 45/45 MP: 4/4
  2073 | D:2      | Noticed a great orb of eyes
  2303 | D:3      | Found a glowing drain.
  2304 | D:3      | 2304 ||| PLANNING SEWER
  2321 | Sewer    | Entered a sewer
  2326 | Sewer    | 2326 ||| Stepping ~*~*~tactically~*~*~ (water).
  2356 | Sewer    | Noticed Pargi
  2371 | Sewer    | 2371 ||| INVOKING Berserk.
  2375 | Sewer    | Killed Pargi
  2591 | Sewer    | 2591 ||| Stepping ~*~*~tactically~*~*~ (water).
  2645 | Sewer    | 2645 ||| UPGRADING to +0 scale mail.
  2655 | Sewer    | 2655 ||| DROPPING +0 ring mail.
  2656 | Sewer    | 2656 ||| READING scroll labelled EVESAF GEPPUNK.
  2657 | Sewer    | 2657 ||| READING scroll labelled PUNYHICSEMUF.
  2657 | Sewer    | Identified a scroll of acquirement
  2657 | Sewer    | 2657 ||| ACQUIRING +3 buckler "Hekkul" {Rampage rN+ Dex+7
                  | Stlth-}
  2657 | Sewer    | Acquired the +3 buckler "Hekkul" {Rampage rN+ Dex+7 Stlth-}
  2659 | Sewer    | 2659 ||| UPGRADING to +3 buckler "Hekkul" {Rampage rN+
                  | Dex+7 Stlth-}.
  2664 | Sewer    | 2664 ||| READING scroll labelled LAERCH PIOQUFOJ.
  2668 | Sewer    | 2668 ||| READING scroll labelled XUOMOI OVAIVIN.
  2672 | D:3      | 2672 ||| PLANNING D:1-11
  2724 | D:3      | 2724 ||| Stepping ~*~*~tactically~*~*~ (hiding).
  2889 | D:3      | Reached skill level 1 in Shields
  2889 | D:3      | Reached XP level 6. HP: 52/52 MP: 5/5
  3151 | D:3      | Noticed Natasha
  3155 | D:3      | 3155 ||| INVOKING Berserk.
  3159 | D:3      | Killed Natasha
  3160 | D:3      | Reached skill level 2 in Shields
  3395 | D:3      | 3395 ||| Stepping ~*~*~tactically~*~*~ (stealth).
  3396 | D:3      | 3396 ||| Stepping ~*~*~tactically~*~*~ (stealth).
  3415 | D:3      | Noticed Natasha
  3416 | D:3      | 3416 ||| Stepping ~*~*~tactically~*~*~ (hiding).
  3419 | D:3      | 3419 ||| INVOKING Berserk.
  3421 | D:3      | Killed Natasha
  3428 | D:3      | Noticed Natasha
  3434 | D:3      | Killed Natasha
  3591 | D:3      | 3591 ||| Stepping ~*~*~tactically~*~*~ (hiding).
  3592 | D:3      | 3592 ||| INVOKING Berserk.
  3714 | D:3      | Noticed Jessica
  3717 | D:3      | Killed Jessica
  3717 | D:3      | Reached *** piety under Trog
  4018 | D:3      | 4018 ||| READING scroll labelled POKYHI JYBLE.
  4019 | D:3      | 4019 ||| READING 2 scrolls of identify.
  4019 | D:3      | 4019 ||| IDENTIFYING green potion
  4020 | D:3      | 4020 ||| DROPPING potion of lignification.
  4212 | D:4      | Noticed Dowan
  4213 | D:4      | 4213 ||| Stepping ~*~*~tactically~*~*~ (hiding).
  4220 | D:4      | 4220 ||| INVOKING Berserk.
  4223 | D:4      | Killed Dowan
  4231 | D:4      | Noticed Duvessa
  4232 | D:4      | 4232 ||| Stepping ~*~*~tactically~*~*~ (stealth).
  4239 | D:4      | 4239 ||| Stepping ~*~*~tactically~*~*~ (stealth).
  4288 | D:4      | 4288 ||| INVOKING Berserk.
  4295 | D:4      | Killed Duvessa
  4296 | D:4      | Reached skill level 9 in Axes
  4296 | D:4      | Reached XP level 7. HP: 59/59 MP: 6/6
  4509 | D:4      | 4509 ||| READING scroll of enchant weapon.
  4509 | D:4      | 4509 ||| ENCHANTING +1 hand axe.
  4868 | D:4      | 4868 ||| UPGRADING to +0 pair of boots.
  4873 | D:4      | 4873 ||| UPGRADING to ring of see invisible.
  4874 | D:4      | 4874 ||| DRINKING 2 bubbling inky potions.
  4875 | D:4      | 4875 ||| DROPPING potion of brilliance.
  4904 | D:5      | Entered Level 5 of the Dungeon
  4922 | D:5      | 4922 ||| INVOKING Berserk.
  4926 | D:5      | Reached skill level 3 in Shields
  5072 | D:5      | 5072 ||| INVOKING Berserk.
  5371 | D:5      | Reached skill level 3 in Dodging
  5489 | D:5      | 5489 ||| INVOKING Berserk.
  5493 | D:5      | Reached XP level 8. HP: 68/68 MP: 7/7
  5586 | D:5      | 5586 ||| INVOKING Berserk.
  5712 | D:5      | 5712 ||| Stepping ~*~*~tactically~*~*~ (hiding).
  5730 | D:5      | 5730 ||| Stepping ~*~*~tactically~*~*~ (stealth).
  5731 | D:5      | 5731 ||| INVOKING Berserk.
  5742 | D:5      | Reached skill level 6 in Fighting
  5868 | D:5      | 5868 ||| Stepping ~*~*~tactically~*~*~ (hiding).
  5885 | D:5      | 5885 ||| INVOKING Berserk.
  6122 | D:5      | Noticed Ijyb
  6124 | D:5      | 6124 ||| INVOKING Berserk.
  6130 | D:5      | Killed Ijyb
  6248 | D:5      | 6248 ||| READING scroll of enchant weapon.
  6248 | D:5      | 6248 ||| ENCHANTING +2 hand axe.
  6274 | D:5      | Found a stormy altar of Qazlal.
  6292 | D:5      | 6292 ||| UPGRADING to +0 chain mail.
  6302 | D:5      | 6302 ||| DROPPING +0 scale mail.
  6303 | D:5      | 6303 ||| UPGRADING to +1 pair of gloves.
  6308 | D:5      | 6308 ||| READING scroll labelled SIAHUEZ WEAG.
  6309 | D:5      | 6309 ||| READING scroll labelled TEOTRI UQES.
  6343 | D:6      | Reached skill level 3 in Armour
  6365 | D:6      | 6365 ||| Stepping ~*~*~tactically~*~*~ (stealth).
  6367 | D:6      | 6367 ||| Stepping ~*~*~tactically~*~*~ (stealth).
  6373 | D:6      | 6373 ||| INVOKING Berserk.
  6396 | D:6      | 6396 ||| Stepping ~*~*~tactically~*~*~ (stealth).
  6406 | D:6      | 6406 ||| FLEEEEING.
  6407 | D:6      | 6407 ||| FLEEEEING.
  6409 | D:6      | 6409 ||| FLEEEEING.
  6417 | D:6      | 6417 ||| INVOKING Berserk.
  6424 | D:6      | Reached skill level 4 in Shields
  6435 | D:6      | 6435 ||| Stepping ~*~*~tactically~*~*~ (hiding).
  6441 | D:6      | Reached XP level 9. HP: 42/75 MP: 8/8
  6507 | D:6      | Noticed a troll
  6508 | D:6      | 6508 ||| FLEEEEING.
  6509 | D:6      | 6509 ||| FLEEEEING.
  6511 | D:6      | 6511 ||| Stepping ~*~*~tactically~*~*~ (hiding).
  6515 | D:6      | 6515 ||| INVOKING Berserk.
  6524 | D:6      | Killed a troll
  6525 | D:6      | Reached skill level 12 in Axes
  6560 | D:6      | 6560 ||| Stepping ~*~*~tactically~*~*~ (stealth).
  6561 | D:6      | 6561 ||| Stepping ~*~*~tactically~*~*~ (stealth).
  6563 | D:6      | 6563 ||| Stepping ~*~*~tactically~*~*~ (stealth).
  6564 | D:6      | 6564 ||| Stepping ~*~*~tactically~*~*~ (stealth).
  6567 | D:6      | 6567 ||| FLEEEEING.
  6572 | D:6      | 6572 ||| STAIRDANCE
  6714 | D:6      | 6714 ||| Stepping ~*~*~tactically~*~*~ (hiding).
  6717 | D:6      | 6717 ||| INVOKING Berserk.
  6853 | D:6      | 6853 ||| INVOKING Berserk.
  6880 | D:6      | 6880 ||| Stepping ~*~*~tactically~*~*~ (stealth).
  6916 | D:6      | 6916 ||| FLEEEEING.
  6932 | D:6      | 6932 ||| DROPPING +0 whip.
  6933 | D:6      | 6933 ||| DROPPING +0 flail.
  6948 | D:6      | 6948 ||| INVOKING Berserk.
  6994 | D:6      | 6994 ||| FLEEEEING.
  6995 | D:6      | 6995 ||| FLEEEEING.
  6996 | D:6      | 6996 ||| FLEEEEING.
  7008 | D:6      | 7008 ||| FLEEEEING.
  7009 | D:6      | 7009 ||| FLEEEEING.
  7038 | D:6      | 7038 ||| INVOKING Berserk.
  7121 | D:6      | 7121 ||| Stepping ~*~*~tactically~*~*~ (stealth).
  7130 | D:6      | 7130 ||| Stepping ~*~*~tactically~*~*~ (stealth).
  7132 | D:6      | 7132 ||| Stepping ~*~*~tactically~*~*~ (hiding).
  7209 | D:6      | 7209 ||| INVOKING Berserk.
  7329 | D:6      | 7329 ||| INVOKING Berserk.
  7346 | D:6      | 7346 ||| Stepping ~*~*~tactically~*~*~ (stealth).
  7359 | D:6      | 7359 ||| Stepping ~*~*~tactically~*~*~ (stealth).
  7360 | D:6      | 7360 ||| Stepping ~*~*~tactically~*~*~ (stealth).
  7365 | D:6      | 7365 ||| FLEEEEING.
  7365 | D:6      | Found a staircase to the Ecumenical Temple.
  7404 | D:6      | 7404 ||| INVOKING Berserk.
  7444 | D:6      | 7444 ||| Stepping ~*~*~tactically~*~*~ (hiding).
  7447 | D:6      | 7447 ||| Stepping ~*~*~tactically~*~*~ (hiding).
  7448 | D:6      | 7448 ||| Stepping ~*~*~tactically~*~*~ (hiding).
  7452 | D:6      | 7452 ||| INVOKING Berserk.
  7518 | D:6      | 7518 ||| READING scroll of enchant armour.
  7518 | D:6      | 7518 ||| ENCHANTING +1 pair of gloves.
  7528 | D:6      | 7528 ||| Stepping ~*~*~tactically~*~*~ (hiding).
  7535 | D:6      | 7535 ||| INVOKING Berserk.
  7720 | D:6      | 7720 ||| SWAPPING to +0 war axe.
  7724 | D:6      | 7724 ||| DROPPING +3 hand axe.
  7770 | D:6      | 7770 ||| Stepping ~*~*~tactically~*~*~ (stealth).
  7773 | D:6      | 7773 ||| Stepping ~*~*~tactically~*~*~ (stealth).
  7774 | D:6      | 7774 ||| INVOKING Berserk.
  7901 | D:6      | 7901 ||| Stepping ~*~*~tactically~*~*~ (hiding).
  7908 | D:6      | 7908 ||| INVOKING Berserk.
  7912 | D:6      | Reached skill level 3 in Throwing
  7928 | D:6      | 7928 ||| Stepping ~*~*~tactically~*~*~ (stealth).
  8220 | D:6      | 8220 ||| Stepping ~*~*~tactically~*~*~ (hiding).
  8322 | D:6      | 8322 ||| Stepping ~*~*~tactically~*~*~ (stealth).
  8332 | D:6      | 8332 ||| SWAPPING to +1 vampiric hand axe.
  8333 | D:6      | 8333 ||| DROPPING +0 war axe.
  8376 | D:6      | Reached skill level 5 in Shields
  8518 | D:6      | 8518 ||| READING scroll labelled ZALAMAS LAZINT.
  8519 | D:6      | 8519 ||| DRINKING 2 brown potions.
  8566 | D:7      | Reached XP level 10. HP: 88/88 MP: 9/9
  8567 | D:7      | 8567 ||| Stepping ~*~*~tactically~*~*~ (stealth).
  8590 | D:7      | 8590 ||| INVOKING Berserk.
  8597 | D:7      | 8597 ||| Stepping ~*~*~tactically~*~*~ (cloud).
  8598 | D:7      | 8598 ||| Stepping ~*~*~tactically~*~*~ (cloud).
  8653 | D:7      | 8653 ||| Stepping ~*~*~tactically~*~*~ (stealth).
  8655 | D:7      | 8655 ||| Stepping ~*~*~tactically~*~*~ (hiding).
  8659 | D:7      | 8659 ||| Stepping ~*~*~tactically~*~*~ (stealth).
  8788 | D:7      | 8788 ||| Stepping ~*~*~tactically~*~*~ (hiding).
  8799 | D:7      | 8799 ||| Stepping ~*~*~tactically~*~*~ (stealth).
  8800 | D:7      | 8800 ||| Stepping ~*~*~tactically~*~*~ (stealth).
  8885 | D:7      | 8885 ||| Stepping ~*~*~tactically~*~*~ (hiding).
  8889 | D:7      | Reached **** piety under Trog
  8895 | D:7      | 8895 ||| DRINKING 2 potions of curing.
  8895 | D:7      | 8895 ||| (to cure confusion)
  8978 | D:7      | Found Korumeh's Magic Scroll Shop.
  8982 | D:7      | 8982 ||| SHOPLISTING scroll of acquirement (780 gold, have
                  | 510).
  8982 | D:7      | 8982 ||| BUYING scroll of enchant weapon (112 gold).
  8982 | D:7      | Bought a scroll of enchant weapon for 112 gold pieces
  8982 | D:7      | 8982 ||| BUYING scroll of identify (30 gold).
  8982 | D:7      | Bought a scroll of identify for 30 gold pieces
  8982 | D:7      | 8982 ||| BUYING scroll of identify (30 gold).
  8982 | D:7      | Bought a scroll of identify for 30 gold pieces
  8982 | D:7      | 8982 ||| BUYING scroll of identify (30 gold).
  8982 | D:7      | Bought a scroll of identify for 30 gold pieces
  8982 | D:7      | 8982 ||| BUYING scroll of identify (30 gold).
  8982 | D:7      | Bought a scroll of identify for 30 gold pieces
  8982 | D:7      | 8982 ||| BUYING scroll of identify (30 gold).
  8982 | D:7      | Bought a scroll of identify for 30 gold pieces
  8982 | D:7      | 8982 ||| READING scroll of enchant weapon.
  8982 | D:7      | 8982 ||| ENCHANTING +1 vampiric hand axe.
  8998 | D:7      | 8998 ||| Stepping ~*~*~tactically~*~*~ (stealth).
  9000 | D:7      | 9000 ||| Stepping ~*~*~tactically~*~*~ (hiding).
  9006 | D:7      | 9006 ||| INVOKING Berserk.
  9130 | D:7      | 9130 ||| Stepping ~*~*~tactically~*~*~ (stealth).
  9141 | D:7      | Noticed Pikel
  9142 | D:7      | 9142 ||| Stepping ~*~*~tactically~*~*~ (hiding).
  9166 | D:7      | Killed Pikel
  9428 | D:7      | Reached skill level 9 in Fighting
  9579 | D:7      | 9579 ||| UPGRADING to +0 plate armour.
  9589 | D:7      | 9589 ||| DROPPING +0 chain mail.
  9590 | D:7      | 9590 ||| READING scroll labelled OFRUANACSE.
  9591 | D:7      | 9591 ||| READING 7 scrolls of identify.
  9591 | D:7      | 9591 ||| IDENTIFYING emerald potion
  9592 | D:7      | 9592 ||| READING 6 scrolls of identify.
  9592 | D:7      | 9592 ||| IDENTIFYING fizzy blue potion
  9593 | D:7      | 9593 ||| READING 5 scrolls of identify.
  9593 | D:7      | 9593 ||| IDENTIFYING pink potion
  9594 | D:7      | 9594 ||| READING 4 scrolls of identify.
  9594 | D:7      | 9594 ||| IDENTIFYING orange potion
  9595 | D:7      | 9595 ||| DROPPING potion of magic.
  9596 | D:7      | 9596 ||| DROPPING potion of flight.
  9639 | D:8      | 9639 ||| Stepping ~*~*~tactically~*~*~ (hiding).
  9641 | D:8      | 9641 ||| Stepping ~*~*~tactically~*~*~ (hiding).
  9787 | D:8      | Noticed a cyan ugly thing
  9789 | D:8      | 9789 ||| Stepping ~*~*~tactically~*~*~ (stealth).
  9798 | D:8      | 9798 ||| INVOKING Berserk.
  9801 | D:8      | Killed a cyan ugly thing
  9953 | D:8      | 9953 ||| READING scroll of acquirement.
  9953 | D:8      | 9953 ||| ACQUIRING +3 pair of gauntlets of War {Slay+5}
  9953 | D:8      | Acquired the +3 pair of gauntlets of War {Slay+5}
  9953 | D:8      | Found the +3 pair of gauntlets of War {Slay+5}
  9955 | D:8      | 9955 ||| UPGRADING to +3 pair of gauntlets of War {Slay+5}.
  9965 | D:8      | 9965 ||| DROPPING +2 pair of gloves.
 10010 | D:8      | 10010 ||| Stepping ~*~*~tactically~*~*~ (hiding).
 10013 | D:8      | Found Ciny's Antique Weapon Shop.
 10172 | D:8      | 10172 ||| Stepping ~*~*~tactically~*~*~ (hiding).
 10180 | D:8      | Reached skill level 6 in Shields
 10299 | D:8      | 10299 ||| Stepping ~*~*~tactically~*~*~ (stealth).
 10304 | D:8      | 10304 ||| Stepping ~*~*~tactically~*~*~ (stealth).
 10318 | D:8      | 10318 ||| Stepping ~*~*~tactically~*~*~ (stealth).
 10319 | D:8      | 10319 ||| Stepping ~*~*~tactically~*~*~ (stealth).
 10356 | D:8      | 10356 ||| INVOKING Berserk.
 10638 | D:8      | 10638 ||| READING scroll labelled TIMALITUDO.
 10739 | D:8      | 10739 ||| READING 2 scrolls labelled PUFAEZ ELAIKHLO.
 10794 | D:9      | 10794 ||| READING scroll of acquirement.
 10794 | D:9      | 10794 ||| ACQUIRING +1 tower shield of the Bells {Rampage
                  | Int+6 Dex+4 Stlth+}
 10794 | D:9      | Acquired the +1 tower shield of the Bells {Rampage Int+6
                  | Dex+4 Stlth+}
 10796 | D:9      | 10796 ||| UPGRADING to +1 tower shield of the Bells
                  | {Rampage Int+6 Dex+4 Stlth+}.
 10806 | D:9      | 10806 ||| DROPPING +3 buckler "Hekkul" {Rampage rN+ Dex+7
                  | Stlth-}.
 10845 | D:9      | 10845 ||| Stepping ~*~*~tactically~*~*~ (hiding).
 10870 | D:9      | 10870 ||| Stepping ~*~*~tactically~*~*~ (stealth).
 10871 | D:9      | 10871 ||| Stepping ~*~*~tactically~*~*~ (stealth).
 10885 | D:9      | Reached skill level 7 in Shields
 10951 | D:9      | Reached XP level 11. HP: 87/97 MP: 10/10
 10955 | D:9      | Reached skill level 8 in Shields
 11092 | D:9      | Found a glowing golden altar of the Shining One.
 11107 | D:9      | Found an ornate altar of the Wu Jian Council.
 11138 | D:9      | Found a flagged portal.
 11151 | D:9      | Found Rapnach's Weapon Boutique.
 11159 | D:9      | 11159 ||| INVOKING Berserk.
 11164 | D:9      | Reached skill level 9 in Shields
 11364 | D:9      | 11364 ||| Stepping ~*~*~tactically~*~*~ (hiding).
 11365 | D:9      | 11365 ||| Stepping ~*~*~tactically~*~*~ (hiding).
 11639 | D:10     | Entered Level 10 of the Dungeon
 11647 | D:10     | 11647 ||| STAIRDANCE
 11710 | D:10     | 11710 ||| Stepping ~*~*~tactically~*~*~ (hiding).
 11728 | D:10     | Found a staircase to the Orcish Mines.
 11729 | D:10     | 11729 ||| Stepping ~*~*~tactically~*~*~ (hiding).
 11733 | D:10     | Noticed an orc knight
 11734 | D:10     | 11734 ||| Stepping ~*~*~tactically~*~*~ (hiding).
 11738 | D:10     | 11738 ||| Stepping ~*~*~tactically~*~*~ (hiding).
 11742 | D:10     | 11742 ||| INVOKING Berserk.
 11758 | D:10     | Killed an orc knight
 11759 | D:10     | Reached skill level 10 in Shields
 11766 | D:10     | 11766 ||| FLEEEEING.
 11775 | D:10     | 11775 ||| STAIRDANCE
 11816 | D:10     | 11816 ||| Stepping ~*~*~tactically~*~*~ (stealth).
 11817 | D:10     | Noticed an orc knight
 11818 | D:10     | 11818 ||| Stepping ~*~*~tactically~*~*~ (hiding).
 11822 | D:10     | 11822 ||| INVOKING Berserk.
 11836 | D:10     | Killed an orc knight
 11952 | D:10     | 11952 ||| SWAPPING to +0 broad axe.
 11953 | D:10     | 11953 ||| DROPPING +2 flail of protection.
 11954 | D:10     | 11954 ||| DROPPING +2 vampiric hand axe.
 11955 | D:10     | 11955 ||| READING scroll of brand weapon.
 11955 | D:10     | 11955 ||| BRANDING +0 broad axe.
 12033 | D:10     | Reached skill level 11 in Shields
 12035 | D:10     | Reached ***** piety under Trog
 12206 | D:10     | Reached skill level 12 in Shields
 12327 | D:10     | Noticed Erica
 12328 | D:10     | 12328 ||| INVOKING Brothers in Arms.
 12329 | D:10     | 12329 ||| INVOKING Brothers in Arms.
 12333 | D:10     | 12333 ||| INVOKING Berserk.
 12335 | D:10     | Killed Erica
 12336 | D:10     | Reached skill level 13 in Shields
 12457 | D:10     | Noticed a two-headed ogre
 12459 | D:10     | 12459 ||| INVOKING Berserk.
 12462 | D:10     | Killed a two-headed ogre
 12656 | D:10     | Noticed a two-headed ogre
 12660 | D:10     | 12660 ||| INVOKING Berserk.
 12664 | D:10     | Killed a two-headed ogre
 12753 | D:10     | 12753 ||| Stepping ~*~*~tactically~*~*~ (stealth).
 12766 | D:10     | 12766 ||| Stepping ~*~*~tactically~*~*~ (stealth).
 12772 | D:10     | 12772 ||| INVOKING Berserk.
 12944 | D:10     | 12944 ||| Stepping ~*~*~tactically~*~*~ (hiding).
 12945 | D:10     | 12945 ||| Stepping ~*~*~tactically~*~*~ (hiding).
 12946 | D:10     | 12946 ||| Stepping ~*~*~tactically~*~*~ (hiding).
 13076 | D:10     | 13076 ||| Stepping ~*~*~tactically~*~*~ (hiding).
 13077 | D:10     | 13077 ||| Stepping ~*~*~tactically~*~*~ (hiding).
 13084 | D:10     | Reached XP level 12. HP: 103/104 MP: 11/11
 13108 | D:10     | 13108 ||| FLEEEEING.
 13109 | D:10     | 13109 ||| FLEEEEING.
 13113 | D:10     | 13113 ||| FLEEEEING.
 13429 | D:10     | Noticed Maggie
 13431 | D:10     | Paralysed by Maggie for 3 turns
 13439 | D:10     | Killed Maggie
 13472 | D:10     | Found the +4 Cigotuvi's embrace {rMiasma Drain rN+}
 13480 | D:10     | 13480 ||| READING 5 scrolls of identify.
 13480 | D:10     | 13480 ||| IDENTIFYING grey potion
 13481 | D:10     | 13481 ||| DROPPING potion of attraction.
 13519 | D:11     | 13519 ||| PLANNING GAUNTLET
 13530 | D:11     | Identified the ring "Oniopn" {rElec rN+ Will- Int+3}
 13681 | D:11     | Found a portal to a secret trove of treasure.
 13681 | D:11     | Noticed Harold
 13682 | D:11     | 13682 ||| Stepping ~*~*~tactically~*~*~ (hiding).
 13685 | D:11     | 13685 ||| INVOKING Berserk.
 13688 | D:11     | Killed Harold
 13923 | D:11     | Found a staircase to the Lair.
 13930 | D:11     | Identified the +3 leather armour "Koseonaxki" {rPois Slay+3
                  | SInv}
 13942 | D:11     | 13942 ||| RIP GAUNTLET
 13947 | D:11     | 13947 ||| PLANNING LAIR
 13947 | D:11     | 13947 ||| UPGRADING to ring of protection from fire.
 13964 | Lair:1   | Entered Level 1 of the Lair of Beasts
 14059 | Lair:1   | Reached skill level 15 in Axes
 14144 | Lair:1   | Identified the +2 leather armour "Zantomuz" {rCorr Dex+2}
 14190 | Lair:1   | 14190 ||| INVOKING Berserk.
 14320 | Lair:1   | 14320 ||| INVOKING Berserk.
 14325 | Lair:1   | Reached skill level 14 in Shields
 14484 | Lair:1   | 14484 ||| Stepping ~*~*~tactically~*~*~ (stealth).
 14487 | Lair:1   | 14487 ||| Stepping ~*~*~tactically~*~*~ (stealth).
 14489 | Lair:1   | 14489 ||| INVOKING Berserk.
 14500 | Lair:1   | 14500 ||| INVOKING Brothers in Arms.
 14636 | Lair:1   | 14636 ||| INVOKING Berserk.
 14836 | Lair:1   | 14836 ||| Stepping ~*~*~tactically~*~*~ (stealth).
 14847 | Lair:1   | 14847 ||| Stepping ~*~*~tactically~*~*~ (stealth).
 15371 | Lair:1   | 15371 ||| READING scroll labelled JIGYFYLASM.
 15389 | Lair:2   | 15389 ||| INVOKING Berserk.
 15395 | Lair:2   | 15395 ||| STAIRDANCE
 15845 | Lair:2   | 15845 ||| INVOKING Berserk.
 15954 | Lair:2   | Found a frozen archway.
 16022 | Lair:2   | 16022 ||| Stepping ~*~*~tactically~*~*~ (stealth).
 16024 | Lair:2   | 16024 ||| Stepping ~*~*~tactically~*~*~ (stealth).
 16098 | Lair:2   | Noticed a four-headed hydra
 16099 | Lair:2   | 16099 ||| INVOKING Brothers in Arms.
 16101 | Lair:2   | 16101 ||| SWAPPING to +0 morningstar.
 16102 | Lair:2   | 16102 ||| INVOKING Berserk.
 16104 | Lair:2   | Killed a four-headed hydra
 16108 | Lair:2   | 16108 ||| SWAPPING to +0 broad axe of freezing.
 16214 | Lair:2   | 16214 ||| READING scroll of brand weapon.
 16214 | Lair:2   | 16214 ||| BRANDING +0 broad axe of freezing.
 16426 | Lair:2   | 16426 ||| Stepping ~*~*~tactically~*~*~ (hiding).
 16427 | Lair:2   | 16427 ||| Stepping ~*~*~tactically~*~*~ (hiding).
 16428 | Lair:2   | Found a hole to the Spider Nest.
 16676 | Lair:2   | 16676 ||| DROPPING ring of magical power.
 16704 | Lair:3   | 16704 ||| DRINKING 2 potions of cancellation.
 16709 | Lair:3   | 16709 ||| DRINKING potion of cancellation.
 16754 | Lair:3   | 16754 ||| READING scroll of enchant weapon.
 16754 | Lair:3   | 16754 ||| ENCHANTING +0 broad axe of venom.
 16768 | Lair:3   | 16768 ||| INVOKING Berserk.
 16933 | Lair:3   | Noticed a death yak
 16933 | Lair:3   | Noticed a death yak
 16933 | Lair:3   | Noticed a death yak
 16934 | Lair:3   | 16934 ||| INVOKING Brothers in Arms.
 16934 | Lair:3   | Noticed a death yak
 16935 | Lair:3   | Noticed a death yak
 16936 | Lair:3   | 16936 ||| INVOKING Berserk.
 16941 | Lair:3   | Killed a death yak
 16943 | Lair:3   | Killed a death yak
 16944 | Lair:3   | Reached skill level 9 in Armour
 16944 | Lair:3   | Reached XP level 13. HP: 113/113 MP: 12/12
 16962 | Lair:3   | Reached skill level 15 in Shields
 17222 | Lair:3   | 17222 ||| Stepping ~*~*~tactically~*~*~ (stealth).
 17223 | Lair:3   | 17223 ||| INVOKING Brothers in Arms.
 17225 | Lair:3   | 17225 ||| INVOKING Berserk.
 17403 | Lair:3   | 17403 ||| Stepping ~*~*~tactically~*~*~ (hiding).
 17407 | Lair:3   | 17407 ||| Stepping ~*~*~tactically~*~*~ (hiding).
 17411 | Lair:3   | Reached skill level 18 in Axes
 17411 | Lair:3   | 17411 ||| INVOKING Berserk.
 17586 | Lair:3   | 17586 ||| INVOKING Berserk.
 17589 | Lair:3   | Found a staircase to the Swamp.
 17896 | Lair:4   | 17896 ||| STAIRDANCE
 17912 | Lair:4   | 17912 ||| STAIRDANCE
 18000 | Lair:4   | 18000 ||| STAIRDANCE
 18008 | Lair:4   | 18008 ||| STAIRDANCE
 18010 | Lair:3   | 18010 ||| INVOKING Berserk.
 18014 | Lair:3   | Received a gift from Trog
 18137 | Lair:3   | 18137 ||| SWAPPING to +4 broad axe.
 18138 | Lair:3   | 18138 ||| DROPPING +1 broad axe of venom.
 18193 | Lair:4   | 18193 ||| Stepping ~*~*~tactically~*~*~ (stealth).
 18194 | Lair:4   | 18194 ||| Stepping ~*~*~tactically~*~*~ (stealth).
 18198 | Lair:4   | 18198 ||| Stepping ~*~*~tactically~*~*~ (stealth).
 18200 | Lair:4   | 18200 ||| Stepping ~*~*~tactically~*~*~ (stealth).
 18201 | Lair:4   | 18201 ||| Stepping ~*~*~tactically~*~*~ (stealth).
 18218 | Lair:4   | 18218 ||| INVOKING Brothers in Arms.
 18219 | Lair:4   | 18219 ||| INVOKING Berserk.
 18452 | Lair:4   | 18452 ||| READING scroll of enchant weapon.
 18452 | Lair:4   | 18452 ||| ENCHANTING +4 broad axe.
 18472 | Lair:4   | 18472 ||| Stepping ~*~*~tactically~*~*~ (stealth).
 18474 | Lair:4   | 18474 ||| Stepping ~*~*~tactically~*~*~ (stealth).
 18479 | Lair:4   | 18479 ||| INVOKING Brothers in Arms.
 18483 | Lair:4   | 18483 ||| INVOKING Berserk.
 18652 | Lair:4   | Found a staircase to the Slime Pits.
 18661 | Lair:4   | Found a viscous altar of Jiyva.
 18742 | Lair:4   | 18742 ||| READING scroll of enchant armour.
 18742 | Lair:4   | 18742 ||| ENCHANTING +0 pair of boots.
 18799 | Lair:4   | Identified the +8 battleaxe "Duaruhar" {venom, rN+ Will+}
 19329 | Lair:4   | 19329 ||| DROPPING +3 leather armour "Koseonaxki" {rPois
                  | Slay+3 SInv}.
 19330 | Lair:4   | 19330 ||| UPGRADING to +2 plate armour of fire resistance.
 19340 | Lair:4   | 19340 ||| DROPPING +0 plate armour.
 19341 | Lair:4   | 19341 ||| DROPPING ring of fire.
 19342 | Lair:4   | 19342 ||| READING scroll labelled NIBAWYW FU HUA.
 19537 | Lair:4   | 19537 ||| READING 7 scrolls of identify.
 19537 | Lair:4   | 19537 ||| IDENTIFYING clear potion
 19538 | Lair:4   | 19538 ||| DROPPING potion of degeneration.
 19561 | Lair:5   | Entered Level 5 of the Lair of Beasts
 19566 | Lair:5   | 19566 ||| STAIRDANCE
 19639 | Lair:5   | 19639 ||| STAIRDANCE
 19644 | Lair:4   | Reached skill level 16 in Shields
 19740 | Lair:5   | 19740 ||| Stepping ~*~*~tactically~*~*~ (stealth).
 19741 | Lair:5   | 19741 ||| Stepping ~*~*~tactically~*~*~ (stealth).
 19745 | Lair:5   | 19745 ||| Stepping ~*~*~tactically~*~*~ (stealth).
 19759 | Lair:5   | Reached skill level 6 in Dodging
 19799 | Lair:5   | 19799 ||| Stepping ~*~*~tactically~*~*~ (stealth).
 19800 | Lair:5   | 19800 ||| Stepping ~*~*~tactically~*~*~ (stealth).
 19802 | Lair:5   | 19802 ||| Stepping ~*~*~tactically~*~*~ (stealth).
 20099 | Lair:5   | 20099 ||| Stepping ~*~*~tactically~*~*~ (stealth).
 20101 | Lair:5   | 20101 ||| Stepping ~*~*~tactically~*~*~ (stealth).
 20106 | Lair:5   | 20106 ||| INVOKING Berserk.
 20112 | Lair:5   | Reached skill level 12 in Fighting
 20112 | Lair:5   | Reached XP level 14. HP: 126/126 MP: 13/13
 20353 | Lair:5   | 20353 ||| Stepping ~*~*~tactically~*~*~ (hiding).
 20354 | Lair:5   | 20354 ||| Stepping ~*~*~tactically~*~*~ (hiding).
 20385 | Lair:5   | 20385 ||| FLEEEEING.
 20386 | Lair:5   | 20386 ||| FLEEEEING.
 20387 | Lair:5   | 20387 ||| STAIRDANCE
 20921 | Lair:5   | 20921 ||| Stepping ~*~*~tactically~*~*~ (stealth).
 20970 | Lair:5   | 20970 ||| INVOKING Berserk.
 21091 | Lair:5   | Reached skill level 17 in Shields
 21335 | Lair:5   | 21335 ||| INVOKING Berserk.
 21473 | Lair:5   | 21473 ||| INVOKING Brothers in Arms.
 21478 | Lair:5   | 21478 ||| INVOKING Berserk.
 21635 | Lair:5   | 21635 ||| INVOKING Berserk.
 21651 | Lair:5   | Reached skill level 12 in Armour
 21770 | Lair:5   | 21770 ||| READING scroll of enchant armour.
 21770 | Lair:5   | 21770 ||| ENCHANTING +2 plate armour of fire resistance.
 21788 | Lair:5   | 21788 ||| Stepping ~*~*~tactically~*~*~ (hiding).
 21804 | Lair:5   | 21804 ||| Stepping ~*~*~tactically~*~*~ (stealth).
 21914 | Lair:5   | 21914 ||| PLANNING D:1-11
 21914 | Lair:5   | 21914 ||| UPGRADING to +4 ring of slaying {mikee}.
 22110 | D:11     | 22110 ||| Stepping ~*~*~tactically~*~*~ (stealth).
 22201 | D:11     | Noticed Fannar
 22202 | D:11     | 22202 ||| Stepping ~*~*~tactically~*~*~ (hiding).
 22204 | D:11     | 22204 ||| Stepping ~*~*~tactically~*~*~ (hiding).
 22214 | D:11     | Killed Fannar
 22381 | D:11     | 22381 ||| FLEEEEING.
 22382 | D:11     | 22382 ||| FLEEEEING.
 22383 | D:11     | 22383 ||| FLEEEEING.
 22384 | D:11     | 22384 ||| FLEEEEING.
 22385 | D:11     | 22385 ||| FLEEEEING.
 22386 | D:11     | 22386 ||| FLEEEEING.
 22401 | D:11     | 22401 ||| FLEEEEING.
 22403 | D:11     | 22403 ||| STAIRDANCE
 22558 | D:11     | 22558 ||| INVOKING Brothers in Arms.
 22559 | D:11     | 22559 ||| INVOKING Brothers in Arms.
 22561 | D:11     | 22561 ||| SWAPPING to +0 morningstar.
 22562 | D:11     | 22562 ||| INVOKING Berserk.
 22569 | D:11     | 22569 ||| SWAPPING to +5 broad axe.
 22754 | D:11     | 22754 ||| PLANNING D
 22845 | D:12     | 22845 ||| INVOKING Brothers in Arms.
 22846 | D:12     | 22846 ||| INVOKING Brothers in Arms.
 22847 | D:12     | 22847 ||| INVOKING Brothers in Arms.
 22848 | D:12     | 22848 ||| SWAPPING to +0 morningstar.
 22850 | D:12     | 22850 ||| INVOKING Berserk.
 22854 | D:12     | Noticed Urug
 22857 | D:12     | Paralysed by Urug for 4 turns
 22864 | D:12     | Killed Urug
 22865 | D:12     | 22865 ||| SWAPPING to +5 broad axe.
 23012 | D:12     | Found the +18 Lear's hauberk
 23116 | D:12     | 23116 ||| Stepping ~*~*~tactically~*~*~ (stealth).
 23118 | D:12     | 23118 ||| Stepping ~*~*~tactically~*~*~ (hiding).
 23119 | D:12     | 23119 ||| INVOKING Berserk.
 23950 | D:12     | 23950 ||| UPGRADING to amulet of regeneration.
 23955 | D:12     | 23955 ||| READING 6 scrolls of identify.
 23955 | D:12     | 23955 ||| IDENTIFYING fizzy coppery potion
 23956 | D:12     | 23956 ||| READING 5 scrolls of identify.
 23956 | D:12     | 23956 ||| IDENTIFYING metallic green potion
 23957 | D:12     | 23957 ||| DROPPING potion of ambrosia.
 24052 | D:13     | 24052 ||| Stepping ~*~*~tactically~*~*~ (stealth).
 24053 | D:13     | 24053 ||| Stepping ~*~*~tactically~*~*~ (stealth).
 24056 | D:13     | 24056 ||| Stepping ~*~*~tactically~*~*~ (hiding).
 24057 | D:13     | 24057 ||| Stepping ~*~*~tactically~*~*~ (hiding).
 24058 | D:13     | 24058 ||| Stepping ~*~*~tactically~*~*~ (hiding).
 24065 | D:13     | Reached skill level 6 in Throwing
 24065 | D:13     | Reached XP level 15. HP: 135/135 MP: 14/14
 24295 | D:13     | 24295 ||| INVOKING Berserk.
 24580 | D:13     | 24580 ||| Stepping ~*~*~tactically~*~*~ (stealth).
 24582 | D:13     | 24582 ||| Stepping ~*~*~tactically~*~*~ (hiding).
 24762 | D:13     | 24762 ||| Stepping ~*~*~tactically~*~*~ (hiding).
 24986 | D:13     | 24986 ||| DROPPING ring of ice.
 24987 | D:13     | 24987 ||| READING 6 scrolls of identify.
 24987 | D:13     | 24987 ||| IDENTIFYING sedimented sapphire potion
 24988 | D:13     | 24988 ||| DROPPING potion of invisibility.
 25107 | D:14     | 25107 ||| Stepping ~*~*~tactically~*~*~ (stealth).
 25109 | D:14     | 25109 ||| Stepping ~*~*~tactically~*~*~ (stealth).
 25111 | D:14     | 25111 ||| Stepping ~*~*~tactically~*~*~ (stealth).
 25116 | D:14     | 25116 ||| Stepping ~*~*~tactically~*~*~ (hiding).
 25140 | D:14     | Reached skill level 18 in Shields
 25181 | D:14     | 25181 ||| Stepping ~*~*~tactically~*~*~ (hiding).
 25182 | D:14     | 25182 ||| INVOKING Berserk.
 25198 | D:14     | 25198 ||| INVOKING Brothers in Arms.
 25319 | D:14     | 25319 ||| Stepping ~*~*~tactically~*~*~ (stealth).
 25328 | D:14     | 25328 ||| INVOKING Berserk.
 25446 | D:14     | Identified the +0 leather armour of the Slorg {-Tele rElec
                  | rC++ rCorr}
 25447 | D:14     | 25447 ||| Stepping ~*~*~tactically~*~*~ (stealth).
 25458 | D:14     | 25458 ||| Stepping ~*~*~tactically~*~*~ (stealth).
 25572 | D:14     | 25572 ||| INVOKING Brothers in Arms.
 25574 | D:14     | 25574 ||| SWAPPING to +0 morningstar.
 25575 | D:14     | 25575 ||| INVOKING Berserk.
 25589 | D:14     | 25589 ||| SWAPPING to +5 broad axe.
 25601 | D:14     | 25601 ||| SWAPPING to +0 morningstar.
 25602 | D:14     | 25602 ||| Stepping ~*~*~tactically~*~*~ (outnumbered).
 25604 | D:14     | 25604 ||| Stepping ~*~*~tactically~*~*~ (outnumbered).
 25605 | D:14     | 25605 ||| Stepping ~*~*~tactically~*~*~ (outnumbered).
 25607 | D:14     | 25607 ||| Stepping ~*~*~tactically~*~*~ (outnumbered).
 25608 | D:14     | 25608 ||| Stepping ~*~*~tactically~*~*~ (outnumbered).
 25609 | D:14     | 25609 ||| Stepping ~*~*~tactically~*~*~ (outnumbered).
 25611 | D:14     | 25611 ||| Stepping ~*~*~tactically~*~*~ (outnumbered).
 25612 | D:14     | 25612 ||| Stepping ~*~*~tactically~*~*~ (outnumbered).
 25613 | D:14     | 25613 ||| Stepping ~*~*~tactically~*~*~ (outnumbered).
 25613 | D:14     | HP: 17/138 [two-headed ogre/+0 giant spiked club (22)]
 25614 | D:14     | 25614 ||| READING 8 scrolls of teleportation.
 25614 | D:14     | HP: 6/138 [two-headed ogre/+0 giant spiked club (13)]
 25615 | D:14     | 25615 ||| DRINKING 5 potions of heal wounds.
 25616 | D:14     | 25616 ||| Stepping ~*~*~tactically~*~*~ (outnumbered).
 25617 | D:14     | 25617 ||| Stepping ~*~*~tactically~*~*~ (hiding).
 25618 | D:14     | 25618 ||| Stepping ~*~*~tactically~*~*~ (hiding).
 25619 | D:14     | 25619 ||| SWAPPING to +5 broad axe.
 25661 | D:14     | 25661 ||| Stepping ~*~*~tactically~*~*~ (stealth).
 25662 | D:14     | 25662 ||| Stepping ~*~*~tactically~*~*~ (stealth).
 25663 | D:14     | 25663 ||| Stepping ~*~*~tactically~*~*~ (stealth).
 25670 | D:14     | 25670 ||| FLEEEEING.
 25673 | D:14     | 25673 ||| Stepping ~*~*~tactically~*~*~ (stealth).
 25674 | D:14     | 25674 ||| Stepping ~*~*~tactically~*~*~ (stealth).
 25675 | D:14     | 25675 ||| Stepping ~*~*~tactically~*~*~ (stealth).
 25676 | D:14     | 25676 ||| Stepping ~*~*~tactically~*~*~ (hiding).
 25677 | D:14     | 25677 ||| Stepping ~*~*~tactically~*~*~ (hiding).
 25678 | D:14     | 25678 ||| Stepping ~*~*~tactically~*~*~ (stealth).
 25719 | D:14     | 25719 ||| Stepping ~*~*~tactically~*~*~ (stealth).
 25722 | D:14     | 25722 ||| FLEEEEING.
 25733 | D:14     | 25733 ||| Stepping ~*~*~tactically~*~*~ (stealth).
 25736 | D:14     | 25736 ||| Stepping ~*~*~tactically~*~*~ (stealth).
 25738 | D:14     | 25738 ||| Stepping ~*~*~tactically~*~*~ (stealth).
 25739 | D:14     | 25739 ||| Stepping ~*~*~tactically~*~*~ (stealth).
 25740 | D:14     | 25740 ||| Stepping ~*~*~tactically~*~*~ (stealth).
 25745 | D:14     | 25745 ||| INVOKING Berserk.
 25861 | D:14     | 25861 ||| Stepping ~*~*~tactically~*~*~ (stealth).
 25936 | D:14     | 25936 ||| DROPPING +0 morningstar.
 25980 | D:14     | 25980 ||| Stepping ~*~*~tactically~*~*~ (stealth).
 25982 | D:14     | 25982 ||| SWAPPING to +1 war axe of flaming.
 25988 | D:14     | 25988 ||| SWAPPING to +5 broad axe.
 26141 | D:14     | 26141 ||| READING scroll of enchant armour.
 26141 | D:14     | 26141 ||| ENCHANTING +3 plate armour of fire resistance.
 26147 | D:14     | Found a gate to the Vaults.
 26326 | D:14     | 26326 ||| UPGRADING to amulet of reflection.
 26336 | D:14     | 26336 ||| DROPPING amulet of regeneration.
 26337 | D:14     | 26337 ||| DROPPING ring "Oniopn" {rElec rN+ Will- Int+3}.
 26338 | D:14     | 26338 ||| DROPPING ring of protection from cold.
 26398 | D:15     | Entered Level 15 of the Dungeon
 26401 | D:15     | Found a runed translucent door.
 26401 | D:15     | Found a shimmering altar of Xom.
 26401 | D:15     | Noticed Bananafolds's ghost (adept NaVM)
 26460 | D:15     | 26460 ||| SWAPPING to +1 war axe of flaming.
 26464 | D:15     | Reached skill level 15 in Fighting
 26466 | D:15     | 26466 ||| SWAPPING to +5 broad axe.
 26470 | D:15     | 26470 ||| FLEEEEING.
 26471 | D:15     | 26471 ||| FLEEEEING.
 26475 | D:15     | 26475 ||| FLEEEEING.
 26476 | D:15     | 26476 ||| FLEEEEING.
 26477 | D:15     | 26477 ||| FLEEEEING.
 26569 | D:15     | 26569 ||| READING scroll of enchant armour.
 26569 | D:15     | 26569 ||| ENCHANTING +4 plate armour of fire resistance.
 26638 | D:15     | Found a staircase to the Depths.
 26646 | D:15     | 26646 ||| INVOKING Berserk.
 26875 | D:15     | 26875 ||| Stepping ~*~*~tactically~*~*~ (stealth).
 26881 | D:15     | 26881 ||| Stepping ~*~*~tactically~*~*~ (stealth).
 26965 | D:15     | 26965 ||| INVOKING Berserk.
 27323 | D:15     | 27323 ||| READING scroll of enchant weapon.
 27323 | D:15     | 27323 ||| ENCHANTING +5 broad axe.
 27434 | D:15     | 27434 ||| PLANNING ORC
 27434 | D:15     | 27434 ||| READING 7 scrolls of identify.
 27434 | D:15     | 27434 ||| IDENTIFYING viscous amethyst potion
 27435 | D:15     | 27435 ||| DROPPING potion of berserk rage.
 27558 | Orc:1    | Entered Level 1 of the Orcish Mines
 27567 | Orc:1    | 27567 ||| Stepping ~*~*~tactically~*~*~ (hiding).
 27568 | Orc:1    | 27568 ||| Stepping ~*~*~tactically~*~*~ (hiding).
 27570 | Orc:1    | 27570 ||| DRINKING 7 potions of curing.
 27570 | Orc:1    | 27570 ||| (to cure confusion)
 27573 | Orc:1    | 27573 ||| Stepping ~*~*~tactically~*~*~ (hiding).
 27649 | Orc:1    | 27649 ||| Stepping ~*~*~tactically~*~*~ (hiding).
 27650 | Orc:1    | 27650 ||| Stepping ~*~*~tactically~*~*~ (hiding).
 27653 | Orc:1    | 27653 ||| INVOKING Berserk.
 27711 | Orc:1    | 27711 ||| Stepping ~*~*~tactically~*~*~ (stealth).
 27713 | Orc:1    | 27713 ||| Stepping ~*~*~tactically~*~*~ (stealth).
 27716 | Orc:1    | 27716 ||| Stepping ~*~*~tactically~*~*~ (hiding).
 27717 | Orc:1    | 27717 ||| Stepping ~*~*~tactically~*~*~ (hiding).
 27718 | Orc:1    | 27718 ||| Stepping ~*~*~tactically~*~*~ (hiding).
 27723 | Orc:1    | 27723 ||| Stepping ~*~*~tactically~*~*~ (hiding).
 27725 | Orc:1    | 27725 ||| Stepping ~*~*~tactically~*~*~ (hiding).
 27726 | Orc:1    | 27726 ||| Stepping ~*~*~tactically~*~*~ (hiding).
 27727 | Orc:1    | 27727 ||| Stepping ~*~*~tactically~*~*~ (hiding).
 27790 | Orc:1    | 27790 ||| INVOKING Trog's Hand.
 27791 | Orc:1    | 27791 ||| INVOKING Berserk.
 27928 | Orc:1    | 27928 ||| Stepping ~*~*~tactically~*~*~ (stealth).
 27958 | Orc:1    | 27958 ||| Stepping ~*~*~tactically~*~*~ (hiding).
 27959 | Orc:1    | 27959 ||| Stepping ~*~*~tactically~*~*~ (hiding).
 27960 | Orc:1    | 27960 ||| Stepping ~*~*~tactically~*~*~ (hiding).
 27962 | Orc:1    | 27962 ||| Stepping ~*~*~tactically~*~*~ (hiding).
 27963 | Orc:1    | 27963 ||| Stepping ~*~*~tactically~*~*~ (hiding).
 27964 | Orc:1    | 27964 ||| Stepping ~*~*~tactically~*~*~ (hiding).
 27982 | Orc:1    | 27982 ||| Stepping ~*~*~tactically~*~*~ (stealth).
 27983 | Orc:1    | 27983 ||| Stepping ~*~*~tactically~*~*~ (stealth).
 27991 | Orc:1    | 27991 ||| Stepping ~*~*~tactically~*~*~ (stealth).
 28155 | Orc:1    | 28155 ||| Stepping ~*~*~tactically~*~*~ (stealth).
 28261 | Orc:2    | Entered Level 2 of the Orcish Mines
 28299 | Orc:2    | 28299 ||| STAIRDANCE
 28304 | Orc:2    | 28304 ||| STAIRDANCE
 28342 | Orc:2    | Found a staircase to the Elven Halls.
 28354 | Orc:2    | Received a gift from Trog
 28363 | Orc:2    | 28363 ||| DROPPING +1 war axe of flaming.
 28435 | Orc:2    | 28435 ||| INVOKING Trog's Hand.
 28436 | Orc:2    | 28436 ||| Stepping ~*~*~tactically~*~*~ (hiding).
 28437 | Orc:2    | 28437 ||| Stepping ~*~*~tactically~*~*~ (hiding).
 28439 | Orc:2    | 28439 ||| INVOKING Berserk.
 28564 | Orc:2    | 28564 ||| Stepping ~*~*~tactically~*~*~ (hiding).
 28565 | Orc:2    | 28565 ||| Stepping ~*~*~tactically~*~*~ (hiding).
 28566 | Orc:2    | 28566 ||| INVOKING Trog's Hand.
 28568 | Orc:2    | 28568 ||| INVOKING Berserk.
 28773 | Orc:2    | 28773 ||| Stepping ~*~*~tactically~*~*~ (stealth).
 29002 | Orc:2    | 29002 ||| Stepping ~*~*~tactically~*~*~ (hiding).
 29003 | Orc:2    | 29003 ||| Stepping ~*~*~tactically~*~*~ (hiding).
 29005 | Orc:2    | 29005 ||| INVOKING Berserk.
 29014 | Orc:2    | Reached XP level 16. HP: 149/149 MP: 15/15
 29151 | Orc:2    | 29151 ||| INVOKING Trog's Hand.
 29152 | Orc:2    | 29152 ||| INVOKING Berserk.
 29153 | Orc:2    | Found Okimac's Book Shop.
 29163 | Orc:2    | Found Hiofi's Magic Scroll Shop.
 29278 | Orc:2    | 29278 ||| BUYING scroll of enchant weapon (105 gold).
 29278 | Orc:2    | Bought a scroll of enchant weapon for 105 gold pieces
 29278 | Orc:2    | 29278 ||| BUYING scroll of identify (28 gold).
 29278 | Orc:2    | Bought a scroll of identify for 28 gold pieces
 29278 | Orc:2    | 29278 ||| BUYING scroll of teleportation (42 gold).
 29278 | Orc:2    | Bought a scroll of teleportation for 42 gold pieces
 29278 | Orc:2    | 29278 ||| BUYING scroll of teleportation (42 gold).
 29278 | Orc:2    | Bought a scroll of teleportation for 42 gold pieces
 29278 | Orc:2    | 29278 ||| BUYING scroll of teleportation (42 gold).
 29278 | Orc:2    | Bought a scroll of teleportation for 42 gold pieces
 29278 | Orc:2    | 29278 ||| READING scroll of enchant weapon.
 29278 | Orc:2    | 29278 ||| ENCHANTING +6 broad axe.
 29297 | Orc:2    | 29297 ||| Stepping ~*~*~tactically~*~*~ (stealth).
 29298 | Orc:2    | 29298 ||| Stepping ~*~*~tactically~*~*~ (stealth).
 29299 | Orc:2    | 29299 ||| Stepping ~*~*~tactically~*~*~ (stealth).
 29301 | Orc:2    | 29301 ||| INVOKING Berserk.
 29432 | Orc:2    | Found Jojyegg's Antique Armour Shoppe.
 29433 | Orc:2    | 29433 ||| Stepping ~*~*~tactically~*~*~ (stealth).
 29437 | Orc:2    | 29437 ||| INVOKING Berserk.
 29558 | Orc:2    | 29558 ||| BUYING cloak (135 gold).
 29558 | Orc:2    | Bought a cloak for 135 gold pieces
 29558 | Orc:2    | 29558 ||| BUYING pair of runed boots (225 gold).
 29558 | Orc:2    | Bought a pair of runed boots for 225 gold pieces
 29589 | Orc:2    | Found Ixodiqi's Magic Scroll Boutique.
 29590 | Orc:2    | 29590 ||| INVOKING Trog's Hand.
 29591 | Orc:2    | 29591 ||| INVOKING Berserk.
 29596 | Orc:2    | Reached skill level 9 in Dodging
 29708 | Orc:2    | 29708 ||| BUYING scroll of enchant weapon (112 gold).
 29708 | Orc:2    | Bought a scroll of enchant weapon for 112 gold pieces
 29708 | Orc:2    | 29708 ||| BUYING scroll of identify (30 gold).
 29708 | Orc:2    | Bought a scroll of identify for 30 gold pieces
 29708 | Orc:2    | 29708 ||| BUYING scroll of teleportation (45 gold).
 29708 | Orc:2    | Bought a scroll of teleportation for 45 gold pieces
 29708 | Orc:2    | 29708 ||| BUYING scroll of teleportation (45 gold).
 29708 | Orc:2    | Bought a scroll of teleportation for 45 gold pieces
 29708 | Orc:2    | 29708 ||| READING scroll of enchant weapon.
 29708 | Orc:2    | 29708 ||| ENCHANTING +7 broad axe.
 29747 | Orc:2    | 29747 ||| UPGRADING to +0 cloak.
 29752 | Orc:2    | 29752 ||| DROPPING +1 pair of boots of stealth.
 29904 | Orc:1    | 29904 ||| PLANNING SWAMP:1-3
 30098 | Swamp:1  | Entered Level 1 of the Swamp
 30124 | Swamp:1  | 30124 ||| INVOKING Brothers in Arms.
 30125 | Swamp:1  | 30125 ||| SWAPPING to +1 broad axe of flaming.
 30132 | Swamp:1  | 30132 ||| SWAPPING to +8 broad axe.
 30210 | Swamp:1  | 30210 ||| Stepping ~*~*~tactically~*~*~ (cloud).
 30354 | Swamp:1  | 30354 ||| READING scroll of acquirement.
 30354 | Swamp:1  | 30354 ||| ACQUIRING +2 hat "Sikaaxo" {rF+ rC- rN++ Regen+}
 30354 | Swamp:1  | Acquired the +2 hat "Sikaaxo" {rF+ rC- rN++ Regen+}
 30356 | Swamp:1  | 30356 ||| UPGRADING to +2 hat "Sikaaxo" {rF+ rC- rN++
                  | Regen+}.
 30556 | Swamp:1  | 30556 ||| Stepping ~*~*~tactically~*~*~ (cloud).
 30627 | Swamp:1  | 30627 ||| INVOKING Berserk.
 30862 | Swamp:1  | Noticed a thorn hunter
 30863 | Swamp:1  | 30863 ||| Stepping ~*~*~tactically~*~*~ (hiding).
 30867 | Swamp:1  | 30867 ||| INVOKING Berserk.
 30872 | Swamp:1  | Killed a thorn hunter
 30901 | Swamp:1  | 30901 ||| Stepping ~*~*~tactically~*~*~ (stealth).
 31092 | Swamp:2  | Identified Roxanne's Vellum of Transmogrification
 31092 | Swamp:2  | Noticed Roxanne
 31095 | Swamp:2  | 31095 ||| INVOKING Berserk.
 31106 | Swamp:2  | Killed Roxanne
 31235 | Swamp:2  | 31235 ||| DRINKING potion of resistance.
 31238 | Swamp:2  | 31238 ||| INVOKING Berserk.
 31254 | Swamp:2  | 31254 ||| Stepping ~*~*~tactically~*~*~ (water).
 31274 | Swamp:2  | 31274 ||| Stepping ~*~*~tactically~*~*~ (stealth).
 31299 | Swamp:2  | Reached skill level 15 in Armour
 31321 | Swamp:2  | 31321 ||| Stepping ~*~*~tactically~*~*~ (water).
 31361 | Swamp:2  | Reached skill level 19 in Shields
 31378 | Swamp:2  | 31378 ||| INVOKING Berserk.
 31760 | Swamp:3  | 31760 ||| FLEEEEING.
 31761 | Swamp:3  | 31761 ||| FLEEEEING.
 31762 | Swamp:3  | 31762 ||| FLEEEEING.
 31770 | Swamp:3  | 31770 ||| STAIRDANCE
 31927 | Swamp:3  | 31927 ||| INVOKING Berserk.
 32069 | Swamp:3  | 32069 ||| Stepping ~*~*~tactically~*~*~ (water).
 32076 | Swamp:3  | 32076 ||| Stepping ~*~*~tactically~*~*~ (water).
 32121 | Swamp:3  | 32121 ||| Stepping ~*~*~tactically~*~*~ (stealth).
 32134 | Swamp:3  | 32134 ||| Stepping ~*~*~tactically~*~*~ (water).
 32135 | Swamp:3  | 32135 ||| INVOKING Berserk.
 32155 | Swamp:3  | 32155 ||| Stepping ~*~*~tactically~*~*~ (water).
 32284 | Swamp:3  | 32284 ||| INVOKING Brothers in Arms.
 32286 | Swamp:3  | 32286 ||| SWAPPING to +1 broad axe of flaming.
 32290 | Swamp:3  | 32290 ||| SWAPPING to +8 broad axe.
 32334 | Swamp:3  | 32334 ||| INVOKING Brothers in Arms.
 32450 | Swamp:3  | 32450 ||| Stepping ~*~*~tactically~*~*~ (stealth).
 32453 | Swamp:3  | 32453 ||| INVOKING Berserk.
 32586 | Swamp:3  | 32586 ||| Stepping ~*~*~tactically~*~*~ (water).
 32587 | Swamp:3  | 32587 ||| INVOKING Berserk.
 32750 | Swamp:3  | 32750 ||| Stepping ~*~*~tactically~*~*~ (water).
 32751 | Swamp:3  | 32751 ||| INVOKING Berserk.
 33060 | Swamp:3  | 33060 ||| PLANNING SPIDER:1-3
 33060 | Swamp:3  | 33060 ||| READING 8 scrolls of identify.
 33060 | Swamp:3  | 33060 ||| IDENTIFYING bubbling purple potion
 33240 | Spider:1 | Entered Level 1 of the Spider Nest
 33276 | Spider:1 | 33276 ||| Stepping ~*~*~tactically~*~*~ (stealth).
 33325 | Spider:1 | 33325 ||| Stepping ~*~*~tactically~*~*~ (stealth).
 33327 | Spider:1 | 33327 ||| Stepping ~*~*~tactically~*~*~ (hiding).
 33369 | Spider:1 | 33369 ||| Stepping ~*~*~tactically~*~*~ (stealth).
 33387 | Spider:1 | 33387 ||| Stepping ~*~*~tactically~*~*~ (stealth).
 33388 | Spider:1 | 33388 ||| Stepping ~*~*~tactically~*~*~ (stealth).
 33406 | Spider:1 | 33406 ||| Stepping ~*~*~tactically~*~*~ (stealth).
 33435 | Spider:1 | 33435 ||| Stepping ~*~*~tactically~*~*~ (stealth).
 33482 | Spider:1 | 33482 ||| Stepping ~*~*~tactically~*~*~ (stealth).
 33487 | Spider:1 | 33487 ||| Stepping ~*~*~tactically~*~*~ (stealth).
 33520 | Spider:1 | 33520 ||| INVOKING Brothers in Arms.
 33543 | Spider:1 | 33543 ||| INVOKING Berserk.
 33646 | Spider:1 | 33646 ||| INVOKING Brothers in Arms.
 33652 | Spider:1 | 33652 ||| READING 13 scrolls of teleportation.
 33947 | Spider:1 | 33947 ||| Stepping ~*~*~tactically~*~*~ (hiding).
 33947 | Spider:1 | Noticed Rupert
 33948 | Spider:1 | 33948 ||| Stepping ~*~*~tactically~*~*~ (hiding).
 33949 | Spider:1 | 33949 ||| Stepping ~*~*~tactically~*~*~ (hiding).
 33951 | Spider:1 | 33951 ||| INVOKING Trog's Hand.
 33952 | Spider:1 | 33952 ||| INVOKING Brothers in Arms.
 33953 | Spider:1 | 33953 ||| INVOKING Brothers in Arms.
 33954 | Spider:1 | 33954 ||| INVOKING Berserk.
 33966 | Spider:1 | Killed Rupert
 33972 | Spider:1 | 33972 ||| INVOKING Brothers in Arms.
 34100 | Spider:1 | Noticed Donald
 34104 | Spider:1 | 34104 ||| INVOKING Berserk.
 34107 | Spider:1 | Killed Donald
 34377 | Spider:2 | 34377 ||| INVOKING Brothers in Arms.
 34378 | Spider:2 | 34378 ||| STAIRDANCE
 34381 | Spider:1 | Reached XP level 17. HP: 161/161 MP: 16/16
 34383 | Spider:2 | 34383 ||| STAIRDANCE
 34385 | Spider:1 | 34385 ||| INVOKING Berserk.
 34499 | Spider:2 | 34499 ||| STAIRDANCE
 34623 | Spider:2 | 34623 ||| STAIRDANCE
 34633 | Spider:2 | 34633 ||| STAIRDANCE
 34644 | Spider:2 | 34644 ||| INVOKING Brothers in Arms.
 34678 | Spider:2 | 34678 ||| Stepping ~*~*~tactically~*~*~ (stealth).
 34785 | Spider:2 | 34785 ||| INVOKING Berserk.
 34793 | Spider:2 | 34793 ||| INVOKING Brothers in Arms.
 34794 | Spider:2 | 34794 ||| INVOKING Brothers in Arms.
 34796 | Spider:2 | Noticed Aizul
 34797 | Spider:2 | 34797 ||| INVOKING Trog's Hand.
 34803 | Spider:2 | HP: 40/162 [poisoned by Aizul (poison arrow)]
 34804 | Spider:2 | 34804 ||| READING 12 scrolls of teleportation.
 34804 | Spider:2 | HP: 6/162 [Aizul/bolt of poison (19)]
 34805 | Spider:2 | 34805 ||| DRINKING 4 potions of heal wounds.
 34805 | Spider:2 | Slain by a tarantella

Levels and vault maps discovered:
D:1:      sevenhm_arrival_forest_fort_small_5, layout_loops_cross
D:2:      layout_basic, hellmonk_ecumenical_altar_watching_god, uniq_robin
D:3:      layout_basic, cheibrodos_sewer_entry_drain, grunt_ministairs_12,
          kennysheep_generic_room_13, uniq_jessica, uniq_natasha
D:4:      layout_basic, uniq_duvessa
D:5:      minmay_clustersquares, layout_basic, nicolae_qazlal_eye_of_the_storm,
          uniq_ijyb
D:6:      lemuel_castle_with_subvaults [lemuel_castle_interior_carwin_1],
          layout_cave_pools, minmay_temple_entry_ruins
D:7:      layout_loops_ring, serial_shops, shop_scrolls,
          corexii_leaking_fountain, uniq_pikel
D:8:      layout_rooms, serial_shops, nicolae_shop_overgrown_old_shop,
          grunt_decor_mini_mirrors
D:9:      layout_grid_maze, mainiacjoe_overflow_large_starburst, serial_shops,
          nicolae_shop_bloodbath_and_beyond, enter_bailey_2
D:10:     layout_stronghold, david_orc_5, hellmonk_guarded_unrand_cigotuvi,
          uniq_maggie, uniq_erica
D:11:     layout_stronghold, lair_entry_dummy, nicolae_trove_entry_free_sample,
          gauntlet_entry_generic, uniq_harold, uniq_fannar
D:12:     layout_grid_maze, hellmonk_guarded_unrand_lears, uniq_urug
D:13:     layout_basic, kennysheep_generic_room_3
D:14:     layout_loops_ring, david_vaults_5, minmay_misc_feat_five, hex_large
D:15:     gammafunk_depths_entry_grave, layout_loops_ring, ebering_ghost_xom
Lair:1:   lemuel_reptile_caves, layout_regular_city, st_stairs_13,
          grunt_megastairs_5, lemuel_fruit_tree, serial_bayou_shore_b
Lair:2:   layout_cave_pods, hellmonk_spider_entry_life_and_decay,
          portal_ice_cave_entry_pillars_2
Lair:3:   layout_long_grid, nicolae_swamp_entry_splash_gauntlet,
          chequers_serial_rivers_small_3, lemuel_fruit_fields
Lair:4:   layout_hall_layers, slime_entry_1, serial_bayou_crossing,
          serial_bayou_shore_a
Lair:5:   due_jungle_book, layout_regular_city, grunt_megastairs_4,
          infiniplex_staircase_pool_2
Swamp:1:  cheibrodos_swamp_tower_of_moss, layout_basic_swamp,
          evilmike_swamp_ruin_rubble_2
Swamp:2:  layout_basic_swamp, evilmike_swamp_ruin_house_4, uniq_roxanne
Swamp:3:  layout_basic_swamp, evilmike_swamp_ruin_house_1,
          nicolae_swamp_oklob_treasure_island
Spider:1: layout_spider_delve, uniq_donald, uniq_rupert
Spider:2: cheibrodos_forgotten_conduit, hellmonk_deceptive_appearances,
          hangedman_spider_tarantella_strand, uniq_aizul
Orc:1:    layout_diamond_mine, mines2_david
Orc:2:    hellmonk_orc_salted, layout_caves, nicolae_orc_tapped_out

Skill      XL: |  1  2  3  4  5  6  7  8  9 10 11 12 13 14 15 16 |
---------------+-------------------------------------------------+-----
Axes           | 4 5 6 7 9 10 11 13 14 17 18 | 18.0
Throwing       | 1 2 3 4 6 7 8 |  8.0
Shields        | 1 2 3 4 5 7 13 14 16 17 18 19 | 19.5
Fighting       | 4 5 6 8 9 10 12 13 15 17 | 17.5
Dodging        | 3 4 6 7 8 10 | 10.0
Armour         | 4 5 8 9 10 12 14 16 | 16.0

Action                   |  1- 3 |  4- 6 |  7- 9 | 10-12 | 13-15 | 16-18 || total
-------------------------+-------+-------+-------+-------+-------+-------++-------
Melee: Hand axe          |    47 |   102 |   233 |   285 |       |       ||   667
       Headbutt          |     3 |    19 |    46 |   114 |   246 |    97 ||   525
       Punch             |       |     1 |       |       |       |       ||     1
       War axe           |       |       |    27 |       |     9 |       ||    36
       Broad axe         |       |       |       |   221 |   730 |   399 ||  1350
       Morningstar       |       |       |       |     1 |    19 |       ||    20
Throw: Javelin           |    18 |    52 |    39 |    45 |    86 |    24 ||   264
       Boomerang         |       |       |    12 |    47 |   102 |    33 ||   194
Invok: Berserk           |     2 |     7 |    21 |    21 |    26 |    19 ||    96
       Brothers in Arms  |       |       |       |     4 |     8 |     9 ||    21
       Trog's Hand       |       |       |       |       |     3 |     4 ||     7
  Use: Scroll            |     5 |     6 |     6 |    15 |    13 |     6 ||    51
       Potion            |     1 |       |     2 |     3 |     2 |     2 ||    10
 Stab: Distracted        |       |       |       |       |       |     1 ||     1
       Confused          |       |       |       |       |       |     1 ||     1
Armor: Animal skin       |     7 |       |       |       |       |       ||     7
       Ring mail         |     5 |    28 |       |       |       |       ||    33
       Scale mail        |       |     1 |    18 |       |       |       ||    19
       Chain mail        |       |       |    31 |    32 |       |       ||    63
       Plate armour      |       |       |       |    92 |   278 |   108 ||   478
Dodge: Dodged            |    21 |    50 |    65 |    83 |   129 |    64 ||   412
Block: Buckler           |       |    10 |    71 |    42 |       |       ||   123
       Tower shield      |       |       |       |   229 |   632 |   389 ||  1250
       Reflection        |       |       |       |       |     7 |    14 ||    21

Table legend:
 A = Non-vault XP
 B = Vault XP
 C = Vault XP percentage of total XP
 D = Non-vault monster count
 E = Vault monster count
 F = Vault count percentage of total count
                 A         B        C        D         E       F
            +---------+---------+-------+---------+---------+-------
      Total |  164663 |   65580 |  28.5 |     617 |     277 |  31.0
            +---------+---------+-------+---------+---------+-------
        D:1 |      62 |       0 |   0.0 |      28 |       0 |   0.0
        D:2 |     102 |      35 |  25.5 |      24 |      11 |  31.4
        D:3 |     159 |      89 |  35.9 |      18 |       9 |  33.3
        D:4 |      51 |     218 |  81.0 |       6 |       2 |  25.0
        D:5 |     667 |     443 |  39.9 |      20 |      10 |  33.3
        D:6 |     586 |    2927 |  83.3 |       9 |      55 |  85.9
        D:7 |    2105 |     673 |  24.2 |      23 |       1 |   4.2
        D:8 |    1432 |       0 |   0.0 |      17 |       0 |   0.0
        D:9 |    3523 |       0 |   0.0 |      26 |       0 |   0.0
       D:10 |    3668 |    5758 |  61.1 |      27 |      34 |  55.7
       D:11 |    3273 |    1775 |  35.2 |      10 |       2 |  16.7
       D:12 |    6983 |    1622 |  18.8 |      19 |       2 |   9.5
       D:13 |    6873 |       0 |   0.0 |      15 |       0 |   0.0
       D:14 |   15900 |    5768 |  26.6 |      26 |      10 |  27.8
       D:15 |    8709 |    5118 |  37.0 |      15 |       8 |  34.8
     Lair:1 |    1807 |    5517 |  75.3 |      11 |      44 |  80.0
     Lair:2 |    2698 |     423 |  13.6 |       9 |       2 |  18.2
     Lair:3 |   15109 |    1779 |  10.5 |      41 |       5 |  10.9
     Lair:4 |    7935 |       0 |   0.0 |      33 |       0 |   0.0
     Lair:5 |   14434 |   15866 |  52.4 |      40 |      34 |  45.9
    Swamp:1 |    9327 |    1472 |  13.6 |      21 |       1 |   4.5
    Swamp:2 |   10969 |    1356 |  11.0 |      23 |       1 |   4.2
    Swamp:3 |   11512 |       0 |   0.0 |      28 |       0 |   0.0
   Spider:1 |   23800 |    3426 |  12.6 |      62 |       2 |   3.1
   Spider:2 |    8050 |     289 |   3.5 |      23 |       1 |   4.2
      Orc:1 |    2987 |     572 |  16.1 |      30 |       8 |  21.1
      Orc:2 |    1942 |   10309 |  84.1 |      13 |      28 |  68.3
      Sewer |       0 |     145 | 100.0 |       0 |       7 | 100.0
            +---------+---------+-------+---------+---------+-------
